 Dungeon Crawl Stone Soup version 0.31.0-12-g77e489cdc1 (webtiles) character file.

Game seed: 208657221902827850

33082 SpectredLuna1 the Warrior (level 13, -4/127 HPs)
             Began as a Minotaur Berserker on Feb 13, 2024.
             Was a High Priest of Trog.
             Slain by a raiju (8 damage)
             ... on level 3 of the Abyss on Feb 14, 2024.
             The game lasted 02:36:49 (18617 turns).

SpectredLuna1 the Warrior (Minotaur Berserker)     Turns: 18617, Time: 02:36:50

Health: -4/127     AC: 34    Str: 26    XL:     13   Next: 34%
Magic:  12/12      EV: 10    Int:  4    God:    Trog [*****.]
Gold:   2107       SH:  3    Dex: 11    Spells: 12/12 levels left

rFire   + + .        f - +4 flail (protect)
rCold   + + .        g - +0 buckler
rNeg    + . .        h - +8 plate armour of the Shimmering Gods {rC+}
rPois   .            (helmet unavailable)
rElec   .            F - scarf {rC+ rF+}
rCorr   .            t - +0 pair of gloves
SInv    .            G - +1 pair of boots
Will    .....        (no amulet) Stlth
                     d - ring of protection from fire
HPRegen 0.41/turn    u - ring of positive energy
MPRegen 0.13/turn

%: no passive effects
@: under a protective aura, unable to read
A: horns 3, retaliatory headbutt, hooves 1, inability to read after injury 1
a: Renounce Religion, Berserk, Trog's Hand, Brothers in Arms


You were on level 3 of the Abyss.
You worshipped Trog.
Trog was extremely pleased with you.
You visited 3 branches of the dungeon, and saw 15 of its levels.
You visited the Abyss 1 time.
You also visited: Sewer and Bailey.

You collected 2107 gold pieces.

Inventory:

Hand Weapons
 b - a +3 short sword of venom
 f - a +4 flail of protection (weapon)
 H - a +2 war axe of freezing
 J - the +3 dagger "Xyciovir" {flame, rPois Dex+2}
   (Trog gifted it to you on level 1 of the Lair of Beasts)

   Dex+2:     It affects your dexterity (+2).
   rPois:     It protects you from poison
 K - a +4 war axe of freezing
Missiles
 c - 141 stones
 m - 22 boomerangs (quivered)
 C - 3 throwing nets
Armour
 e - a +1 chain mail
 g - a +0 buckler (worn)
 h - the +8 plate armour of the Shimmering Gods (worn) {rC+}
   (You found it in a bailey)

   rC+:       It protects you from cold.
 t - a +0 pair of gloves (worn)
 F - a scarf of resistance (worn)
 G - a +1 pair of boots (worn)
Jewellery
 d - a ring of protection from fire (left hand)
 p - a ring of fire
 u - a ring of positive energy (right hand)
 x - a ring of resist corrosion
 z - a ring of ice
 M - a ring of ice
 N - a ring of magical power
Scrolls
 i - 2 scrolls of amnesia
 j - a scroll of summoning
 n - a scroll of torment
 q - a scroll of poison
 s - a scroll of immolation
 w - a scroll of blinking
 y - a scroll of acquirement {unknown}
 A - 2 scrolls of revelation
 B - a scroll of fear
 E - 2 scrolls of silence {unknown}
 I - a scroll of vulnerability {unknown}
Potions
 a - a potion of enlightenment
 k - a potion of resistance
 l - 5 potions of curing
 o - 2 potions of might
 r - 3 potions of attraction
 D - 2 potions of haste


   Skills:
 * Level 15.3 Fighting
 * Level 10.7 Short Blades
 - Level 14.0 Maces & Flails
 + Level 11.1 Armour
 + Level 9.9 Dodging


You had 12 spell levels left.
You didn't know any spells.
Your spell library was empty.

Dungeon Overview and Level Annotations

Branches:
Dungeon (11/15)            Temple (1/1) D:5            Lair (3/5) D:8
 Shoals (0/4) Lair:3       Spider (0/4) Lair:2          Orc (0/2) D:9
  Sewer (visited)          Bailey (visited)

Altars:
Ashenzari
Cheibriados
Dithmenos
Elyvilon
Fedhas
Gozag
Hepliaklqana
Kikubaaqudgha
Makhleb
Nemelex Xobeh
Okawaru
Qazlal
Ru
Sif Muna
Trog
Uskayaw
Vehumet
Wu Jian
Xom
Yredelemnul
Zin
The Shining One

Shops:
D:9 (

Portals:
Abyss: Lair:3

Annotations:
Lair:3 1 transporter, unihiutale's ghost, journeyman OpDe


Innate Abilities, Weirdness & Mutations

You have a pair of large horns on your head.
You reflexively headbutt those who attack you in melee.
You have large cloven feet.
You occasionally lose the ability to read scrolls when taking damage.


Message History

The raiju barely misses you.
You barely miss the raiju.
Flame seeps out of the raiju.
You headbutt the raiju.
The raiju is moderately wounded.
The raiju is engulfed in blazing flames.
Flame seeps out of the raiju.
The raiju completely misses you.
The raiju bursts into living lightning!
The living lightning hits you!
* * * LOW HITPOINT WARNING * * *
The living lightning hits the raiju.
The raiju completely resists.
The raiju blinks!
The starspawn tentacle grabs you. The starspawn tentacle constricts you.
The raiju bursts into living lightning!
The living lightning hits you.
* * * LOW HITPOINT WARNING * * *
The raiju blinks!
You bludgeon the raiju!!
Flame seeps out of the raiju.
Your headbutt misses the raiju.
The raiju is almost dead.
The raiju is engulfed in blazing flames.
Trog accepts your kill.
The raiju explodes!
The fiery explosion engulfs you. You resist.
* * * LOW HITPOINT WARNING * * *
The fiery explosion engulfs the tentacled starspawn!!
Flame seeps out of the tentacled starspawn.
The tentacled starspawn is moderately damaged.
The fiery explosion engulfs the raiju!!
Flame seeps out of the raiju.
The raiju is severely wounded.
The fiery explosion engulfs the starspawn tentacle!!!
You destroy the starspawn tentacle!
Flame seeps out of the tentacled starspawn.
The tentacled starspawn is engulfed in blazing flames.
Flame seeps out of the tentacled starspawn.
Tentacles burst from the starspawn's body!
The raiju bites you.
* * * LOW HITPOINT WARNING * * *
You feel threatened and lose the ability to read scrolls!
The raiju shocks you!
You die...

#. .. . ##.
#.#... ## ..
...#.. ... .##
..#... ....
.#.....#. #...
##h..#.. ..
#....##h§....##
#h@°XX.##.# .
#.h#ww.h##.##
.. ...#.
#X##.....# #..
#.. ..##.####
... ####.####.#
.. ..# # . #
..X .. ... . .
.


You could see a tentacled starspawn (inner flame), 2 large abominations, 5 raiju
and 2 starspawn tentacles.

Vanquished Creatures
  Josephine (D:10)
  Fannar (Lair:2)
  A catoblepas (Lair:2)
  A hydra (Lair:2)
  Erolcha (D:10)
  A two-headed ogre (D:11)
  A boulder beetle (D:11)
  3 death yaks (Lair:2)
  A hell hog (Abyss:3)
  2 harpies (Lair:3)
  An ugly thing (Lair:3)
  An orc knight (Bailey)
  8 elephants
  6 cane toads
  A gargoyle (D:11)
  A kobold demonologist (D:11)
  4 komodo dragons
  A rime drake (Lair:2)
  2 trolls
  Grinder (D:4)
  4 hornets
  A raiju (Abyss:3)
  18 blink frogs
  2 jumping spiders (Lair:2)
  A spriggan (Lair:2)
  2 shadows (D:10)
  13 yaks
  8 wraiths
  4 wyverns
  A fire bat (shapeshifter) (Abyss:3)
  Eustachio (D:4)
  3 basilisks
  2 redbacks (Lair:2)
  A steam dragon (D:7)
  Edmund (D:4)
  5 water moccasins
  8 orc warriors
  Duvessa (D:4)
  Pargi (Sewer)
  An ice beast (D:6)
  17 wolves
  2 starcursed masses (Abyss:3)
  4 centaurs
  7 kobold brigands
  2 brain worms (Sewer)
  7 bullfrogs
  2 gnoll sergeants
  7 scorpions
  4 wights (D:8)
  Dowan (D:4)
  14 killer bees
  4 howler monkeys
  A bombardier beetle (D:3)
  5 hounds
  2 orc priests
  Crazy Yiuf (D:4)
  Jessica (D:2)
  5 iguanas
  A sleepcap (D:5)
  Ijyb (D:3)
  9 orc wizards
  Natasha (thrice) (D:2)
  Robin (D:3)
  8 gnolls
  7 adders
  2 shadow imps
  4 white imps
  3 ufetubi
  3 dart slugs (D:1)
  30 orcs
  5 endoplasms
  6 giant cockroaches
  8 goblins
  9 hobgoblins
  3 jackals (D:1)
  25 kobolds
  10 quokkas
  2 training dummies (D:6)
  6 ball pythons
  3 bats
  4 frilled lizards
  5 rats
  A spectral kobold (D:7)
  A starspawn tentacle (Abyss:3)
363 creatures vanquished.

Vanquished Creatures (collateral kills)
  A hell hog (Abyss:3)
  A fire bat (Abyss:3)
  A chaos spawn (Abyss:3)
  A white imp (Abyss:3)
4 creatures vanquished.

Vanquished Creatures (others)
  A fire bat (Abyss:3)
  2 chaos spawn (Abyss:3)
  2 starspawn tentacles (Abyss:3)
5 creatures vanquished.

Grand Total: 372 creatures vanquished

Notes
Turn   | Place    | Note
-------+----------+-------------------------------------------
     0 | D:1      | SpectredLuna1 the Minotaur Berserker began the quest for
                  | the Orb.
     0 | D:1      | Reached XP level 1. HP: 19/19 MP: 0/0
   210 | D:1      | Reached XP level 2. HP: 27/27 MP: 1/1
   238 | D:1      | Reached skill level 4 in Fighting
   279 | D:1      | Reached XP level 3. HP: 33/33 MP: 2/2
   927 | D:2      | Noticed Jessica
   936 | D:2      | Killed Jessica
   937 | D:2      | Reached XP level 4. HP: 38/41 MP: 3/3
  1303 | D:2      | Noticed Natasha
  1311 | D:2      | Killed Natasha
  1419 | D:2      | Noticed Natasha
  1425 | D:2      | Killed Natasha
  1426 | D:2      | Reached skill level 5 in Fighting
  1426 | D:2      | Reached skill level 5 in Maces & Flails
  1426 | D:2      | Reached XP level 5. HP: 48/48 MP: 4/4
  1742 | D:2      | Noticed Natasha
  1760 | D:2      | Killed Natasha
  1998 | D:3      | Noticed Robin
  2001 | D:3      | Reached ** piety under Trog
  2009 | D:3      | Noticed Ijyb
  2016 | D:3      | Killed Robin
  2028 | D:3      | Killed Ijyb
  2153 | D:3      | Reached XP level 6. HP: 46/56 MP: 5/5
  2410 | D:3      | Found a hide-covered altar of Uskayaw.
  2895 | D:4      | Noticed Grinder
  2895 | D:4      | Paralysed by Grinder for 4 turns
  2910 | D:4      | Paralysed by Grinder for 5 turns
  2918 | D:4      | Paralysed by Grinder for 3 turns
  3072 | D:4      | Found a faded altar of an unknown god.
  3073 | D:4      | Noticed Eustachio
  3109 | D:4      | Killed Eustachio
  3110 | D:4      | Reached skill level 6 in Fighting
  3248 | D:4      | Noticed Dowan
  3249 | D:4      | Noticed Duvessa
  3272 | D:4      | Killed Duvessa
  3273 | D:4      | Reached XP level 7. HP: 9/64 MP: 6/6
  3274 | D:4      | Gained mutation: You occasionally lose the ability to read
                  | scrolls when taking damage. [potion of mutation]
  3274 | D:4      | Gained mutation: You have a pair of large horns on your
                  | head. [potion of mutation]
  3274 | D:4      | Gained mutation: You have large cloven feet. [potion of
                  | mutation]
  3305 | D:4      | Killed Dowan
  3598 | D:4      | Noticed Edmund
  3611 | D:4      | Killed Edmund
  3811 | D:4      | Reached skill level 1 in Short Blades
  4017 | D:4      | Paralysed by Grinder for 4 turns
  4026 | D:4      | Killed Grinder
  4027 | D:4      | Reached skill level 7 in Fighting
  4204 | D:4      | Reached XP level 8. HP: 73/73 MP: 7/7
  4264 | D:4      | Reached skill level 5 in Armour
  4432 | D:4      | Found a runed translucent door.
  4433 | D:4      | Noticed Crazy Yiuf
  4440 | D:4      | Killed Crazy Yiuf
  4645 | D:5      | Entered Level 5 of the Dungeon
  4775 | D:5      | Found a glowing drain.
  4787 | Sewer    | Entered a sewer
  4879 | Sewer    | Noticed Pargi
  4885 | Sewer    | Killed Pargi
  5004 | Sewer    | Identified the +4 leather armour of Gravitas {Will+}
  5102 | D:5      | Found a basalt altar of Yredelemnul.
  5258 | D:5      | Reached skill level 8 in Fighting
  5441 | D:5      | Found a staircase to the Ecumenical Temple.
  5690 | D:5      | Reached *** piety under Trog
  5700 | D:5      | Reached skill level 5 in Dodging
  5734 | D:5      | Found a glowing golden altar of the Shining One.
  5737 | D:5      | Found a burning altar of Makhleb.
  5737 | D:5      | Found a shimmering blue altar of Sif Muna.
  5737 | D:5      | Found a sacrificial altar of Ru.
  5821 | D:5      | Found a blossoming altar of Fedhas.
  5891 | Temple   | Entered the Ecumenical Temple
  6464 | D:6      | Reached XP level 9. HP: 82/82 MP: 8/8
  7135 | D:7      | Reached skill level 9 in Fighting
  7723 | D:7      | Found a hazy altar of Hepliaklqana.
  8354 | D:8      | Reached skill level 10 in Fighting
  8354 | D:8      | Reached skill level 10 in Maces & Flails
  8575 | D:8      | Reached **** piety under Trog
  8649 | D:8      | Reached XP level 10. HP: 93/93 MP: 9/9
  8968 | D:8      | Reached skill level 5 in Short Blades
  9086 | D:8      | Found a staircase to the Lair.
  9872 | D:9      | Found a shadowy altar of Dithmenos.
 10591 | D:9      | Found Neph's Weapon Boutique.
 10591 | D:9      | Found a staircase to the Orcish Mines.
 10845 | D:9      | Identified the +0 robe "Fefor" {Rampage Str-5 Int+8 Stlth+}
 10944 | D:9      | Reached skill level 11 in Fighting
 11224 | D:10     | Entered Level 10 of the Dungeon
 11740 | D:10     | Found a flagged portal.
 11771 | D:10     | Noticed Josephine
 11798 | D:10     | Killed Josephine
 11799 | D:10     | Reached XP level 11. HP: 74/104 MP: 10/10
 11893 | Bailey   | Entered a bailey
 11906 | Bailey   | Reached ***** piety under Trog
 12161 | Bailey   | Noticed an orc knight
 12175 | Bailey   | Killed an orc knight
 12361 | Bailey   | Found an iron altar of Okawaru.
 12372 | Bailey   | Identified the +8 plate armour of the Shimmering Gods {rC+}
 12471 | D:10     | Noticed Erolcha
 12473 | D:10     | Reached skill level 12 in Fighting
 12492 | D:10     | Killed Erolcha
 13089 | D:11     | Noticed a two-headed ogre
 13096 | D:11     | Killed a two-headed ogre
 13281 | D:11     | Noticed a sixfirhy
 13620 | D:11     | Noticed a boulder beetle
 13635 | D:11     | Killed a boulder beetle
 14124 | Lair:1   | Entered Level 1 of the Lair of Beasts
 14386 | Lair:1   | Reached skill level 13 in Fighting
 14747 | Lair:1   | Reached XP level 12. HP: 115/115 MP: 11/11
 14982 | Lair:1   | Identified the +3 dagger "Xyciovir" {flame, rPois Dex+2}
                  | (Trog gifted it to you on level 1 of the Lair of Beasts)
 14982 | Lair:1   | Received a gift from Trog
 16238 | Lair:2   | Reached skill level 10 in Armour
 16264 | Lair:2   | Noticed a six-headed hydra
 16264 | Lair:2   | Noticed a catoblepas
 16277 | Lair:2   | Killed a six-headed hydra
 16302 | Lair:2   | Killed a catoblepas
 16653 | Lair:2   | Noticed a death yak
 16654 | Lair:2   | Noticed a death yak
 16655 | Lair:2   | Noticed a death yak
 16681 | Lair:2   | Killed a death yak
 16682 | Lair:2   | Reached skill level 14 in Fighting
 16693 | Lair:2   | Killed a death yak
 16701 | Lair:2   | Killed a death yak
 17045 | Lair:2   | Noticed Fannar
 17058 | Lair:2   | Killed Fannar
 17288 | Lair:2   | Reached XP level 13. HP: 93/125 MP: 12/12
 17397 | Lair:2   | Found a hole to the Spider Nest.
 17962 | Lair:3   | Reached skill level 10 in Short Blades
 17969 | Lair:3   | Found a transporter.
 18084 | Lair:3   | Reached skill level 15 in Fighting
 18132 | Lair:3   | Found a staircase to the Shoals.
 18274 | Lair:3   | Found a one-way gate to the infinite horrors of the Abyss.
 18274 | Lair:3   | Noticed unihiutale's ghost (journeyman OpDe)
 18275 | Lair:3   | Found a transporter.
 18343 | Abyss:3  | Cast into level 3 of the Abyss (spriggan rider)
 18410 | Abyss:3  | Paralysed by an ogre mage for 3 turns
 18414 | Abyss:3  | Noticed a spark wasp
 18489 | Abyss:3  | Noticed a starcursed mass
 18573 | Abyss:3  | Found a corrupted altar of Lugonu.
 18598 | Abyss:3  | Noticed a tentacled starspawn
 18617 | Abyss:3  | HP: 6/127 [spore (2)]
 18617 | Abyss:3  | Slain by a raiju

Illustrated notes

Levels and vault maps discovered:
D:1:      giann_horns, layout_basic, serial_forest,
          infiniplex_forest_straight_2, infiniplex_forest_lined_room_3,
          infiniplex_forest_clump_curved, infiniplex_forest_zigzag_2,
          infiniplex_forest_straight_3, infiniplex_forest_lined_2,
          infiniplex_forest_clump_double, hangedman_abyss_or_decor_lesser_grid
D:2:      layout_loops_ring, serial_bayou_ford_a, minmay_misc_feat_enclosed,
          uniq_jessica, uniq_natasha
D:3:      layout_loops_ring, mainiacjoe_overflow_alcove_1, serial_bayou_lake_a,
          uniq_robin, uniq_ijyb
D:4:      layout_cave_pods, serial_column_ruins, column_ruins_temple_hall,
          column_ruins_grid_1, column_ruins_open_large,
          column_ruins_columns_corner, column_ruins_open_tiny_water,
          column_ruins_corridor_straight, column_ruins_grid_3, uniq_grinder,
          uniq_edmund, uniq_eustachio, uniq_duvessa, uniq_crazy_yiuf_cottage
D:5:      layout_basic, mainiacjoe_overflow_alcove_4,
          chequers_temple_overflow_statue_of_worship, kennysheep_mini_moat,
          minmay_temple_entry_glass, gup_sewer_entry_pipe
D:6:      dreamdust_elfheim, layout_basic
D:7:      layout_gridville, nicolae_hepliaklqana_monster_ancestors,
          kennysheep_generic_room_13
D:8:      layout_basic, david_lair_shrubbed
D:9:      layout_stronghold, nicolae_dithmenos_the_darkroom, orc_david_3,
          chequers_serial_rivers_room_a
D:10:     layout_gridville, enter_bailey_2, uniq_josephine, uniq_erolcha
D:11:     layout_rooms
Temple:   nicolae_temple_god_jail
Lair:1:   layout_cave_pods, st_stairs_10, beast_lair_carwin_1,
          infiniplex_staircase_pool_2
Lair:2:   layout_loops_ring, spider_nest_entry_a,
          grunt_forest_large_clearing_hut, grunt_megastairs_2, uniq_fannar
Lair:3:   layout_loops_ring, nicolae_shoals_entry_roost,
          gammafunk_ghost_abyssal_escape, chequers_serial_rivers_small_3,
          wad_woods_02
Abyss:3:  base: Lair:1, base: D:11, due_evilmike_abyss_rune_seething_liches

Skill      XL: |  1  2  3  4  5  6  7  8  9 10 11 12 13 |
---------------+----------------------------------------+-----
Fighting       | 4 5 6 7 8 10 11 13 14 15 | 15.3
Maces & Flails | 4 5 6 7 8 10 11 13 14 | 14.0
Armour         | 3 4 5 7 8 9 10 11 | 11.1
Dodging        | 3 4 5 6 7 8 9 |  9.9
Short Blades   | 1 3 4 6 7 9 10 | 10.7

Action                     |  1- 3 |  4- 6 |  7- 9 | 10-12 | 13-15 || total
---------------------------+-------+-------+-------+-------+-------++-------
  Melee: Mace              |    71 |   145 |    26 |       |       ||   242
         Headbutt          |     8 |    21 |    40 |   143 |    36 ||   248
         Flail             |       |       |   222 |   618 |   126 ||   966
         Kick              |       |       |    53 |       |       ||    53
  Throw: Stone             |     3 |       |     2 |       |       ||     5
         Throwing net      |       |       |     1 |     2 |       ||     3
         Boomerang         |       |       |     1 |       |       ||     1
 Invoke: Berserk           |     2 |     5 |     2 |       |     1 ||    10
         Trog's Hand       |       |       |     1 |       |     1 ||     2
         Brothers in Arms  |       |       |       |       |     1 ||     1
    Use: Potion            |     1 |       |     3 |     2 |     3 ||     9
         Scroll            |       |     4 |     9 |    12 |     3 ||    28
   Stab: Petrified         |       |       |       |     3 |       ||     3
 Armour: Animal skin       |     7 |       |       |       |       ||     7
         Chain mail        |    44 |    81 |   155 |   169 |       ||   449
         Plate armour      |       |       |       |   328 |   163 ||   491
  Dodge: Dodged            |    35 |    47 |    92 |   223 |    88 ||   485
  Block: Buckler           |     5 |    15 |    46 |    88 |    24 ||   178
